 Dungeon Crawl Stone Soup version 0.31-a0-198-g2ad674f65e (webtiles) character file.

Game seed: 2438527712532797411

361 qw the Skirmisher (level 6, -1/36 HPs)
             Began as a Deep Elf Hunter on June 25, 2023.
             Slain by a sky beast (5 damage)
             ... on level 6 of the Dungeon.
             The game lasted 00:00:46 (1899 turns).

qw the Skirmisher (Deep Elf Hunter)                 Turns: 1899, Time: 00:00:47

Health: -1/36      AC: 10    Str: 10    XL:     6   Next: 38%
Magic:  8/8        EV:  9    Int: 14    God:
Gold:   156        SH:  0    Dex: 18    Spells: 5/5 levels left

rFire   . . .        Y - +1 shortbow (flame)
rCold   . . .        (shield currently unavailable)
rNeg    . . .        b - +0 scale mail
rPois   .            (no helmet)
rElec   .            (no cloak)
rCorr   .            (no gloves)
SInv    .            (no boots)
Will    .....        (no amulet)
Stlth   +            g - +4 ring of protection
HPRegen 0.26/turn    (no ring)
MPRegen 0.11/turn

%: no passive effects
@: no status effects
A: no striking features
a: no special abilities


You were on level 6 of the Dungeon.
You visited 1 branch of the dungeon, and saw 4 of its levels.

You collected 156 gold pieces.


   Skills:
 - Level 2.7 Fighting
 + Level 9.0 Ranged Weapons
 - Level 1.6 Armour
 - Level 2.4 Dodging
 - Level 1.2 Stealth


You had 5 spell levels left.
You didn't know any spells.
Your spell library was empty.

Inventory:

Hand Weapons
 Y - a +1 shortbow of flaming (weapon)
Armour
 b - a +0 scale mail (worn)
 h - a +0 ring mail
Jewellery
 g - a +4 ring of protection (left hand)
Scrolls
 a - 3 scrolls of identify
 i - a scroll of enchant armour
Potions
 c - a potion of curing {unknown}
 d - a potion of mutation {unknown}
 e - a potion of heal wounds {unknown}
 f - a potion of haste
 l - a potion of resistance {unknown}

Dungeon Overview and Level Annotations

Branches:
Dungeon (6/15)
 Temple: D:4-7

Altars:
Zin

Shops:
D:3 (


Message History

The sky beast hits you but does no damage.
You shoot an arrow.
The arrow hits the phantom but does no damage.
The phantom is severely damaged.
The phantom closely misses you.
The sky beast hits you but does no damage.
The phantom hits you but does no damage.
The sky beast hits you but does no damage.
You shoot an arrow. The arrow hits the phantom.
The arrow burns the phantom.
The phantom is severely damaged.
The phantom hits you but does no damage.
The sky beast barely misses you.
You shoot an arrow. The arrow hits the phantom!
The arrow burns the phantom.
You destroy the phantom!
The sky beast hits you. The sky beast shocks you.
Your Armour skill increases to level 1!
You shoot an arrow. The arrow barely misses the sky beast.
The sky beast barely misses you.
You shoot an arrow. The arrow barely misses the sky beast.
The sky beast closely misses you.
You shoot an arrow. The arrow hits the sky beast!
The arrow burns the sky beast.
The sky beast is heavily wounded.
The sky beast flickers out of sight!
Deactivating autopickup; reactivate with Ctrl-A.
Something hits you but does no damage. x2
You shoot an arrow.
A sky beast appears from thin air!
Reactivating autopickup.
The sky beast hits you. The sky beast shocks you.
You shoot an arrow. The arrow hits the sky beast.
The arrow burns the sky beast.
The sky beast is heavily wounded.
The sky beast hits you. The sky beast shocks you.
You shoot an arrow. The arrow hits the sky beast.
The arrow burns the sky beast.
The sky beast is severely wounded.
The sky beast hits you but does no damage.
You shoot an arrow. The arrow misses the sky beast.
The sky beast flickers out of sight!
Deactivating autopickup; reactivate with Ctrl-A.
Something hits you but does no damage. Something hits you.
Something shocks you.
You die...

### # #.. . ###.# # ###.#.#
# #.#.#.# #
################...#.# #
##.......{........#.#.#####
.......~..@................
##.##.#.#########...#.#....
.. #.# #.###.#.... #.# ..#
#.# #.#.#.. # ...# ..#
..#.... .#... ##.# #######
#.#.#. #.# #.... # #. . #.#
##.## ... #.#


There were no monsters in sight!

Vanquished Creatures
  A black bear (D:6)
  A phantom (D:6)
  A bullfrog (D:6)
  Jessica (D:2)
  2 adders
  4 worms
  3 dart slugs
  7 orcs (D:3)
  6 endoplasms (D:1)
  A giant cockroach (D:3)
  3 goblins
  9 hobgoblins
  2 quokkas
  2 ball pythons (D:2)
  7 bats
  4 frilled lizards
  2 kobolds
  10 rats
66 creatures vanquished.

Notes
Turn   | Place    | Note
-------+----------+-------------------------------------------
     0 | D:1      | qw the Deep Elf Hunter began the quest for the Orb.
     0 | D:1      | Reached XP level 1. HP: 12/12 MP: 3/3
     0 | D:1      | 0 ||| qw: Version: 0.3-a-22-g0ed2b0b
     0 | D:1      | 0 ||| qw: Game counter: 5006
     0 | D:1      | 0 ||| qw: Melee chars always use a shield: true
     0 | D:1      | 0 ||| qw: God list: Okawaru
     0 | D:1      | 0 ||| qw: Allow faded altars: false
     0 | D:1      | 0 ||| qw: Do Orc after clearing Dungeon:15 true
     0 | D:1      | 0 ||| qw: Do second Lair branch before Depths: true
     0 | D:1      | 0 ||| qw: Lair rune preference: random
     0 | D:1      | 0 ||| qw: Goals: Normal
     0 | D:1      | 0 ||| PLANNING D:1-11
   254 | D:1      | Reached skill level 6 in Ranged Weapons
   254 | D:1      | Reached XP level 2. HP: 16/16 MP: 4/4
   631 | D:1      | 631 ||| READING 2 scrolls labelled CUADAO EFAUD.
   632 | D:1      | 632 ||| READING scroll labelled PORORRAYSA.
   633 | D:1      | 633 ||| READING scroll labelled GIHINA KOEMY KOSO.
   634 | D:1      | 634 ||| DROPPING scroll of butterflies.
   672 | D:2      | Reached XP level 3. HP: 20/20 MP: 5/5
   940 | D:2      | Noticed Jessica
   942 | D:2      | Killed Jessica
   943 | D:2      | Reached skill level 7 in Ranged Weapons
   952 | D:2      | HP: 5/20 [poisoned by an adder]
   955 | D:2      | HP: 2/20 [poisoned by an adder]
   957 | D:2      | Reached XP level 4. HP: 1/25 MP: 6/6
  1441 | D:2      | 1441 ||| UPGRADING to +0 scale mail.
  1451 | D:2      | 1451 ||| DROPPING +0 leather armour.
  1452 | D:2      | 1452 ||| UPGRADING to +4 ring of protection.
  1453 | D:2      | 1453 ||| READING scroll labelled MIRGHO ORYORITE.
  1454 | D:2      | 1454 ||| READING 2 scrolls labelled BUBROE ASMAMM.
  1455 | D:2      | 1455 ||| READING scroll labelled IKEOKL KANYPS.
  1456 | D:2      | 1456 ||| READING scroll labelled BUKLOV JOIRR.
  1459 | D:2      | 1459 ||| DRINKING 2 fuming emerald potions.
  1460 | D:2      | 1460 ||| DRINKING 2 inky potions.
  1461 | D:2      | 1461 ||| DROPPING potion of brilliance.
  1553 | D:3      | Found a glowing silver altar of Zin.
  1593 | D:3      | Found Qoaneuk's Antique Weapon Boutique.
  1641 | D:3      | Reached skill level 8 in Ranged Weapons
  1710 | D:3      | You fall into a shaft and drop 3 floors!
  1754 | D:6      | Noticed a bullfrog
  1761 | D:6      | Killed a bullfrog
  1762 | D:6      | Reached XP level 5. HP: 13/29 MP: 7/7
  1841 | D:6      | Reached skill level 9 in Ranged Weapons
  1877 | D:6      | Noticed a black bear
  1879 | D:6      | Noticed a phantom
  1883 | D:6      | Killed a black bear
  1883 | D:6      | Noticed a sky beast
  1884 | D:6      | Reached XP level 6. HP: 35/36 MP: 8/8
  1893 | D:6      | Reached skill level 1 in Armour
  1897 | D:6      | HP: 8/36 [sky beast (5)]
  1899 | D:6      | Slain by a sky beast

Levels and vault maps discovered:
D:1:      dpeg_arrival_ratfight, layout_loops_cross
D:2:      layout_loops_cross, uniq_jessica
D:3:      layout_loops_cross, zin_statuary, serial_shops, shop,
          chequers_serial_rivers_marsh, nicolae_wormholes
D:6:      layout_basic, evilmike_ruin_ashenzari,
          nicolae_overflow_hallway_of_the_gods, minmay_temple_entry_glass

Skill      XL: |  1  2  3  4  5  6 |
---------------+-------------------+-----
Ranged Weapons | 6 7 8 9 |  9.0
Fighting       | 2 |  2.7
Armour         | 1 |  1.6
Dodging        | |  2.4
Stealth        | |  1.2

Action                     |  1- 3 |  4- 6 || total
---------------------------+-------+-------++-------
   Fire: Shortbow          |    77 |   111 ||   188
    Use: Scroll            |     3 |     4 ||     7
         Potion            |       |     2 ||     2
 Armour: Leather armour    |     3 |     1 ||     4
         Scale mail        |       |    28 ||    28
  Dodge: Dodged            |     9 |    26 ||    35

Table legend:
 A = Non-vault XP
 B = Vault XP
 C = Vault XP percentage of total XP
 D = Non-vault monster count
 E = Vault monster count
 F = Vault count percentage of total count
                 A         B        C        D         E       F
            +---------+---------+-------+---------+---------+-------
      Total |     465 |      52 |  10.1 |      58 |       8 |  12.1
            +---------+---------+-------+---------+---------+-------
        D:1 |      34 |       5 |  12.8 |      18 |       5 |  21.7
        D:2 |      43 |      37 |  46.2 |      18 |       1 |   5.3
        D:3 |      45 |      10 |  18.2 |      18 |       2 |  10.0
        D:6 |     343 |       0 |   0.0 |       4 |       0 |   0.0
            +---------+---------+-------+---------+---------+-------
